[Event "Live Chess"]
[Site "Chess.com"]
[Date "2024.06.02"]
[Round "-"]
[White "StoreySniper"]
[Black "lateforthesky"]
[Result "1-0"]
[WhiteElo "2493"]
[BlackElo "2075"]
[TimeControl "300"]
[EndTime "4:03:41 PDT"]
[Termination "StoreySniper won by resignation"]

1. e4 c5 2. Nf3 Nf6 3. e5 Nd5 4.
c4 Nc7 5. d4 cxd4 6. Qxd4 Nc6 7.
Qe4 g6 8. Nc3 Bg7 9. Bf4 Ne6 10.
Bg3 O-O 11. Be2 b6 12. h4 h5 13. O-O-O Bb7 14. Qe3 Rc8 15. Kb1 f5 16. exf6 Rxf6 17. Nd5 Rf8 18. Bd3 Qe8 19. Rhe1 Nc5 20. Bc2 e6 21. Nf4 Ne7 22. Ne5 Bxe5 23. Qxe5 Nf5 24. b4 Na6 25. a3 Rxc4 26. Bb3 Rc8 27. Rxd7 Qxd7 28. Bxe6+ Qxe6 29. Qxe6+ Rf7 30. Qxg6+ 1-0

[Event "Live Chess"]
[Site "Chess.com"]
[Date "2024.06.02"]
[Round "-"]
[White "Kyrylo7770"]
[Black "ClassyChameleon"]
[Result "0-1"]
[WhiteElo "1636"]
[BlackElo "1529"]
[TimeControl "300"]
[EndTime "4:03:49 PDT"]
[Termination "ClassyChameleon won by checkmate"]

1. d4 d5 2. Nf3 Nc6 3. Bg5 Bf5 4. e3 Qd6 5. c3 O-O-O 6. Bf4 Qf6 7. Bg5 Qg6 8. h4 h5 9. Na3 Nf6 10. Qa4 Ne4 11.
Nb5 Nxg5 12. Nxg5 a6 13. Na3 e5 14. b4 exd4 15. cxd4 f6 16. Nf3 Nxb4 17. Be2 Nd3+ 18.
Bxd3 Bxd3 19. Rc1 Qxg2 20. Kd2 Qxf3 21. Kxd3 Bxa3 22. Qxa3 Qxf2 23. Qc3 c6 24. Rhf1 Qxh4 25. Rb1 Qe4+ 26. Kd2 h4 27. Qb3 Rd7 28. Rf4 Qg2+ 29.
Kc3 h3 30. Rb2 Qg1 31. Rb1 Qxe3+ 32. Kb4 Qxf4 33. Kc5 Qd6+ 34. Kb6 Qc7+ 35. Ka7 b6+ 36. Kxa6 Qa7# 0-1

[Event "Live Chess"]
[Site "Chess.com"]
[Date "2024.06.02"]
[Round "-"]
[White "MagnersCarlsberg2870"]
[Black "willc-h99"]
[Result "0-1"]
[WhiteElo "1781"]
[BlackElo "2597"]
[TimeControl "300"]
[EndTime "4:04:00 PDT"]
[Termination "willc-h99 won by resignation"]

1. d4 g6 2. e4 Bg7 3. Nf3 c6 4. Nc3 a6 5. a3 d5 6. e5 h5 7. h4 Bg4 8. Be2 Bxf3 9. Bxf3 Nh6 10. a4 Nf5 11. Bf4 Qb6 12. Rb1 Qxd4 13. Qxd4 Nxd4 14.
Bd1 Nd7 15. Ne2 Nxe2 16. Bxe2 Bxe5 17. Bxe5 Nxe5 18. f4 Nd7 19. c3 Nf6 20. Bf3 Kd7 21. Ke2 Rhe8 22. Rhd1 e5 23. fxe5 Rxe5+ 24. Kf2 Ne4+ 25.
Bxe4 Rxe4 26. b3 Rxh4 27. g3 Rh2+ 28. Kf3 Re8 29. Re1 Rxe1 30. Rxe1 Rb2 31. b4 Rb3 32.
Re3 d4 33. Rd3 Rxc3 34. Rxc3 dxc3 35. Ke2 g5 0-1

[Event "Live Chess"]
[Site "Chess.com"]
[Date "2024.06.02"]
[Round "-"]
[White "Tatarinov_Maxim"]
[Black "yarek"]
[Result "1-0"]
[WhiteElo "2307"]
[BlackElo "1750"]
[TimeControl "300"]
[EndTime "4:04:01 PDT"]
[Termination "Tatarinov_Maxim won by resignation"]

1. Nf3 g6 2. g3 Bg7 3. Bg2 c6 4. O-O d5 5. c4 Nf6 6. Qc2 O-O 7. b3 Bf5 8. d3 Nbd7 9. Bb2 Re8 10. Nd4 e5 11. Nxf5 gxf5 12. Nd2 f4 13. Nf3 e4 14. Nh4 Ne5 15. gxf4 exd3 16. exd3 Neg4 17. Nf5 Bf8 18. h3 Nh6 19. d4 Re6 20. Rae1 Qd7 21. Nxh6+ Bxh6 22. Qf5 Rae8 23. Re5 Rxe5 24. Qxd7 Nxd7 25.
fxe5 dxc4 26. bxc4 Nb6 27. Bc1 Bxc1 28. Rxc1 Rd8 29.
c5 Nd5 30. Bxd5 Rxd5 31. Rd1 Kg7 32. f4 Kg6 33. Kf2 Kf5 34. Ke3 b6 35. cxb6 axb6 36.
Rg1 c5 37. Rg5+ Ke6 38. f5+ Ke7 39. Rg7 cxd4+ 40. Ke4 Ra5 41. Rxh7 Rxa2 42. Kxd4 Rd2+ 43. Ke3 Rg2 44. e6 Rg3+ 45. Kf4 1-0

[Event "Live Chess"]
[Site "Chess.com"]
[Date "2024.06.02"]
[Round "-"]
[White "Victor_Bondar"]
[Black "LL220284LL"]
[Result "0-1"]
[WhiteElo "1460"]
[BlackElo "2515"]
[TimeControl "300"]
[EndTime "4:04:08 PDT"]
[Termination "LL220284LL won by resignation"]

1. e4 d5 2. exd5 Qxd5 3. Nc3 Qa5 4. d4 c6 5. Nf3 Nf6 6. Bd2 Qc7 7.
h3 Bf5 8. Be3 e6 9. Bd3 Bxd3 10.
Qxd3 Nbd7 11. a3 Bd6 12. Ne4 Nxe4 13. Qxe4 Nf6 14. Qd3 Bf4 15. Ne5 Bxe3 16. Qxe3 O-O-O 17. O-O-O Kb8 18. Rd3 Nd5 19. Qg3 f6 20. Nf7 Nf4 21. Nxh8 Ne2+ 22. Kb1 Nxg3 23. fxg3 Rxh8 24. Re1 Re8 25. g4 Qd6 26. c4 c5 27. d5 e5 28. Ka2 Kc7 29. Rb3 e4 30. Rbe3 Qf4 31. R1e2 Kd6 32. b4 b6 33. Kb3 Qf1 34. bxc5+ Kxc5 35.
Kc2 Qa1 36. Kb3 Qb1+ 37. Kc3 Qc1+ 38. Kb3 Qxc4+ 39. Kb2 Kxd5 40. h4 a5 41. Rc2 Qd4+ 42.
Rcc3 Rc8 43. Kc2 Rxc3+ 44. Rxc3 e3 45. Rd3 b5 46. Rxd4+ Kxd4 47. Kd1 b4 48. axb4 axb4 0-1

[Event "Live Chess"]
[Site "Chess.com"]
[Date "2024.06.02"]
[Round "-"]
[White "r0ad_t0-gm"]
[Black "JohanKjeldahl"]
[Result "1-0"]
[WhiteElo "2274"]
[BlackElo "1793"]
[TimeControl "300"]
[EndTime "4:04:19 PDT"]
[Termination "r0ad_t0-gm won by resignation"]

1. Nf3 Nf6 2. g3 d5 3. Bg2 g6 4. O-O Bg7 5. c4 c6 6. b3 O-O 7. Bb2 Nbd7 8. a4 Qc7 9. cxd5 cxd5 10. Nc3 a6 11. Rc1 Qd6 12. d4 b6 13. e3 Bb7 14.
Qe2 Rac8 15. Rfd1 Ne4 16. Nb1 Ndf6 17. Ba3 Qd8 18. Rxc8 Bxc8 19. Ne5 Re8 20. Rc1 Bb7 21. Qc2 Nd7 22. Nc6 Bxc6 23. Qxc6 e6 24. Bxe4 dxe4 25. Qxe4 Nf6 26. Qb7 Nd5 27. Nd2 Qg5 28. Rc8 Rd8 29.
Ne4 1-0

[Event "Live Chess"]
[Site "Chess.com"]
[Date "2024.06.02"]
[Round "-"]
[White "Ksenia_2013"]
[Black "80Times"]
[Result "0-1"]
[WhiteElo "982"]
[BlackElo "1885"]
[TimeControl "300"]
[EndTime "4:04:21 PDT"]
[Termination "80Times won by checkmate"]

1. e4 g6 2. Nc3 d6 3. Bc4 c6 4.
Nf3 Bg7 5. O-O h6 6. d3 Nd7 7.
Be3 b5 8. Bb3 a5 9. Nh4 a4 10.
Bxf7+ Kxf7 11. Qf3+ Ngf6 12. Qg3 g5 13. Nf5 Ne5 14.
d4 Nc4 15. e5 Bxf5 16. exf6 Bxf6 17. Qf3 Qc8 18. Ne4 g4 19. Qg3 h5 20. Nxf6 exf6 21.
h3 gxh3 22. gxh3 Rg8 23. Bg5 Rxg5 24. Qg2 Bxh3 25. Qxg5 fxg5 26. Rfe1 Qg4+ 27. Kh1 Qg2# 0-1

[Event "Live Chess"]
[Site "Chess.com"]
[Date "2024.06.02"]
[Round "-"]
[White "FlyingChessKestrel13"]
[Black "KeithArkell"]
[Result "0-1"]
[WhiteElo "2071"]
[BlackElo "2416"]
[TimeControl "300"]
[EndTime "4:04:25 PDT"]
[Termination "KeithArkell won by resignation"]

1. d4 e6 2. e4 d5 3. exd5 Qxd5 4. Nc3 Qd8 5. Nf3 Nf6 6. Bg5 c5 7. dxc5 Bxc5 8. Qxd8+ Kxd8 9. O-O-O+ Ke7 10. Nb5 Na6 11. Bd3 h6 12. Bxf6+ gxf6 13. Rhe1 Bxf2 14. Re2 Bb6 15.
a3 Nc5 16. Bc4 f5 17. Nbd4 Kf6 18. Kb1 Bd7 19. Ka2 Rad8 20. Nb3 Ne4 21. Rde1 Bc6 22.
Bd3 a5 23. Nbd2 Nxd2 24. Nxd2 a4 25. Nc4 Bd4 26. Kb1 h5 27. Nd2 Rhg8 28. Nf3 Bb6 29. Bc4 Bd5 30. Bb5 Bc6 31. Bc4 Rd6 32. h4 Rg4 33.
Bd3 Bxf3 34. gxf3 Rxh4 35. Rg2 Rf4 36. Rf1 h4 37. Rh2 Rd8 38. Rh3 Rg8 39. Rfh1 Rg3 40.
Rxh4 Rxh4 41. Rxh4 Rxf3 42. Rxa4 Bc5 43. Rc4 b6 44. b4 Bg1 45. Rc6 Kg5 46. Rc7 e5 47.
Rxf7 Bd4 48. Rd7 Bc3 49. Ka2 e4 50. Kb3 Bf6 0-1

[Event "Live Chess"]
[Site "Chess.com"]
[Date "2024.06.02"]
[Round "-"]
[White "Hoogleboogle"]
[Black "karina55"]
[Result "0-1"]
[WhiteElo "1345"]
[BlackElo "1929"]
[TimeControl "300"]
[EndTime "4:04:47 PDT"]
[Termination "karina55 won on time"]

1. d4 d5 2. c4 c6 3. Nc3 f5 4.
Bf4 e6 5. e3 Nf6 6. cxd5 exd5 7. Nf3 Bd6 8. Bg3 Ne4 9. Nxe4 fxe4 10. Ne5 Qa5+ 11. Qd2 Bb4 12. Rd1 Bxd2+ 13. Rxd2 Qxa2 14. Be2 O-O 15. O-O Nd7 16. Nxd7 Bxd7 17. Bd6 Rf7 18. Ba3 Qb3 19. h3 Qb6 20. f4 exf3 21. Rxf3 Rxf3 22.
Bxf3 Re8 23. Re2 Qb3 24. Rf2 Qxe3 25. Bg4 Bxg4 26. hxg4 Qxd4 27. Kh2 Qxf2 0-1

[Event "Live Chess"]
[Site "Chess.com"]
[Date "2024.06.02"]
[Round "-"]
[White "JohanKjeldahl"]
[Black "Ksenia_2013"]
[Result "1-0"]
[WhiteElo "1793"]
[BlackElo "981"]
[TimeControl "300"]
[EndTime "4:05:31 PDT"]
[Termination "JohanKjeldahl won by checkmate"]

1. e4 e5 2. Nf3 Nc6 3. d4 exd4 4.
c3 dxc3 5. Bc4 cxb2 6. Bxb2 Nf6 7. e5 Ne4 8. Qd5 Bb4+ 9. Kf1 Nd2+ 10. Nbxd2 Bxd2 11. Qxf7# 1-0

[Event "Live Chess"]
[Site "Chess.com"]
[Date "2024.06.02"]
[Round "-"]
[White "booktrunk"]
[Black "stevochess11"]
[Result "0-1"]
[WhiteElo "1497"]
[BlackElo "1709"]
[TimeControl "300"]
[EndTime "4:05:38 PDT"]
[Termination "stevochess11 won by resignation"]

1. d4 Nf6 2. Nc3 d5 3. Bf4 c5 4. dxc5 Nc6 5. Nb5 e5 6. Bg5 Bxc5 7. c3 Bxf2+ 8. Kxf2 Ne4+ 9. Ke1 Nxg5 10. Nf3 a6 11.
Nxg5 axb5 12. Nf3 Bg4 13. g3 e4 14. Nd4 O-O 15. Nxc6 bxc6 16. Bg2 Qb6 17. Qd4 Qxd4 18. cxd4 e3 19. h3 Bf5 20. Rc1 Rxa2 21. g4 Bg6 22. b3 Rb2 23. Kf1 Ra8 24. Kg1 Rxe2 25. Bf1 Rb2 26.
Rxc6 e2 27. Bxe2 Rxe2 0-1

[Event "Live Chess"]
[Site "Chess.com"]
[Date "2024.06.02"]
[Round "-"]
[White "ClassyChameleon"]
[Black "Tatarinov_Maxim"]
[Result "0-1"]
[WhiteElo "1529"]
[BlackElo "2307"]
[TimeControl "300"]
[EndTime "4:05:47 PDT"]
[Termination "Tatarinov_Maxim won by resignation"]

1. e4 c5 2. Nf3 Nc6 3. d4 cxd4 4. Nxd4 Nf6 5. Nxc6 bxc6 6. e5 Nd5 7. Nc3 Nxc3 8. bxc3 g6 9. Bf4 Bg7 10. Bc4 Qa5 11.
Qd3 Bxe5 12. Bxe5 Qxe5+ 13. Qe2 Qxc3+ 14. Kd1 Qxa1+ 15. Kd2 Qxh1 16. Qf3 O-O 17. Qg4 d5 18.
Qxc8 0-1

[Event "Live Chess"]
[Site "Chess.com"]
[Date "2024.06.02"]
[Round "-"]
[White "JanMur7"]
[Black "RamsayFlayer"]
[Result "1-0"]
[WhiteElo "2291"]
[BlackElo "1924"]
[TimeControl "300"]
[EndTime "4:06:06 PDT"]
[Termination "JanMur7 won by resignation"]

1. c4 e5 2. Nc3 Nf6 3. Nf3 Nc6 4. e4 Bc5 5. Nxe5 Nxe5 6. d4 Bd6 7. c5 Bxc5 8. dxe5 Ng8 9. Qg4 g6 10. Qf3 Ne7 11. Bc4 O-O 12. Bh6 Nc6 13. Nd5 Nxe5 14. Qf6 Qxf6 15. Nxf6+ Kh8 16. Bxf8 Bxf8 17. Be2 Bb4+ 18.
Kf1 d6 19. Nd5 Ba5 20. f4 c6 21. fxe5 cxd5 22. exd6 dxe4 23. Bc4 Bb4 24. Rd1 Bd7 25.
a3 Bc5 26. b4 Bb6 27. h3 Rc8 28. Bd5 f5 29. g4 Bb5+ 30. Kg2 Rc2+ 31. Kg3 Bf2+ 32.
Kf4 e3 33. Bf3 Bd7 34. gxf5 gxf5 35. Rc1 Ra2 36. Rc7 e2 37. Bxe2 Rxe2 38. Rxd7 Be3+ 39. Kf3 Ra2 40. Kxe3 Rxa3+ 41. Kf4 Rb3 42. Rg1 h5 43. Kxf5 Rxb4 44. Kg6 1-0

[Event "Live Chess"]
[Site "Chess.com"]
[Date "2024.06.02"]
[Round "-"]
[White "NottheBishopSacrifice"]
[Black "slava_ukr"]
[Result "1/2-1/2"]
[WhiteElo "2325"]
[BlackElo "2405"]
[TimeControl "300"]
[EndTime "4:06:13 PDT"]
[Termination "Game drawn - timeout vs insufficient material"]

1. d4 d5 2. Nf3 Bf5 3. Bf4 c6 4. e3 Nd7 5. Bd3 e6 6. O-O Ngf6 7. c4 Be7 8. Nc3 O-O 9. Bxf5 exf5 10. cxd5 cxd5 11.
Qb3 Nb6 12. Ne5 Ne4 13. Nxe4 fxe4 14. h3 f6 15. Ng4 h5 16. Nh2 Bd6 17. Bxd6 Qxd6 18.
Rac1 Rac8 19. Qb5 Qd7 20. Qxd7 Nxd7 21. Rfd1 Kf7 22. Nf1 Ke6 23. Ng3 g6 24. Ne2 g5 25.
g4 hxg4 26. hxg4 Rh8 27. Ng3 Nb6 28. Nf5 Rxc1 29. Rxc1 Rc8 30. Rc5 Rxc5 31. dxc5 Na4 32. b4 a5 33. Nd4+ Kd7 34. a3 axb4 35. axb4 Nc3 36.
Kg2 Na2 37. b5 Nc3 38. Kf1 Na4 39. Nb3 Nc3 40. Nd4 Na4 41. c6+ bxc6 42. Nxc6 Nc3 43. Nd4 Kd6 44. b6 Na4 45. b7 Kc7 46. Nc6 Kxb7 47. Ne7 Nb6 48. Ng8 Nd7 49. Ne7 Ne5 50. Nxd5 Nxg4 51. Ke2 Kc6 52. Nc3 f5 53. Nb1 Kd6 54.
Nd2 Ne5 55. Nf1 Ke6 56. Ng3 Nf3 57. Nh5 Ke5 58. Ng7 f4 59. Nh5 Ng1+ 60. Kf1 Nf3 61. Ng7 Nd2+ 62. Ke2 Nc4 63. Ne8 g4 64. exf4+ Kxf4 65. Nc7 g3 66. fxg3+ Kxg3 67. Nb5 e3 68. Nd4 Ne5 69.
Ne6 Nf3 70. Ng7 Nd4+ 71. Ke1 e2 72. Nh5+ 1/2-1/2

[Event "Live Chess"]
[Site "Chess.com"]
[Date "2024.06.02"]
[Round "-"]
[White "Crowded_House"]
[Black "ZatixMajor"]
[Result "0-1"]
[WhiteElo "1670"]
[BlackElo "2030"]
[TimeControl "300"]
[EndTime "4:06:24 PDT"]
[Termination "ZatixMajor won by resignation"]

1. d4 Nf6 2. Bg5 Ne4 3. Bh4 g5 4. Nd2 Nxd2 5. Qxd2 gxh4 6. Nf3 d5 7. Qf4 Nc6 8. Ng5 f6 9. Nf3 Be6 10. c3 Qd6 11.
Qxd6 cxd6 12. Nxh4 Bf7 13. e3 e5 14. dxe5 dxe5 15.
Bb5 O-O-O 16. O-O d4 17. Bxc6 bxc6 18. exd4 exd4 19. cxd4 Rxd4 20. Nf3 Rb4 21. b3 Bg7 22.
Rac1 Kb7 23. Rfd1 Bd5 24. Re1 Rc8 25. Re7+ Rc7 26. Rxc7+ Kxc7 27. Re1 Bxf3 28. gxf3 Bf8 29. Re8 Bd6 30. Rh8 Rh4 31. Rg8 Bxh2+ 32. Kf1 Bd6 33. Rg7+ Kb6 34. Rf7 Be5 35. Ke2 Rh1 36.
Rf8 Ra1 37. Rh8 Rxa2+ 38. Ke3 Ra3 39. Rxh7 Rxb3+ 40. Ke4 a5 41. Rh8 Rb5 42. Rb8+ Kc5 43. Ra8 Kb4 44. f4 Bc3 45. Ra6 a4 46. Rxc6 Ra5 47. Rb6+ Kc4 48. Rc6+ Kb3 49. Rb6+ Kc2 0-1

[Event "Live Chess"]
[Site "Chess.com"]
[Date "2024.06.02"]
[Round "-"]
[White "GwaryTek"]
[Black "f4nomore"]
[Result "1-0"]
[WhiteElo "1843"]
[BlackElo "1267"]
[TimeControl "300"]
[EndTime "4:06:25 PDT"]
[Termination "GwaryTek won by checkmate"]

1. d4 g6 2. Bg5 f6 3. Bh4 d6 4. Nc3 Bg7 5. Nf3 Nh6 6. e4 Nf7 7. Bc4 e6 8. Qe2 O-O 9. O-O-O c6 10. e5 Bh6+ 11. Kb1 g5 12. Bg3 fxe5 13. dxe5 d5 14. Bd3 Bg7 15. h4 g4 16. Ng5 h5 17. Bh7+ Kh8 18. Bg6 Nd7 19. Nxf7+ Rxf7 20. Bxf7 Qe7 21. Bxh5 b6 22. Bxg4 a5 23. h5 Ba6 24. Qe3 c5 25. h6 Kg8 26. hxg7 Qxg7 27. Bxe6+ Kf8 28. Rxd5 Bc8 29. Bxd7 Bxd7 30. Rxd7 Qxd7 31. Qf3+ Ke8 32. Rh8+ Ke7 33. Qf6# 1-0

[Event "Live Chess"]
[Site "Chess.com"]
[Date "2024.06.02"]
[Round "-"]
[White "JohanKjeldahl"]
[Black "booktrunk"]
[Result "1-0"]
[WhiteElo "1796"]
[BlackElo "1494"]
[TimeControl "300"]
[EndTime "4:06:53 PDT"]
[Termination "JohanKjeldahl won by resignation"]

1. e4 e6 2. d4 b6 3. Bd3 Bb7 4. Nf3 h6 5. O-O Nf6 6. Qe2 Be7 7. e5 Nd5 8. a3 Nc6 9. c4 Rg8 10. cxd5 Rh8 11. dxc6 1-0

[Event "Live Chess"]
[Site "Chess.com"]
[Date "2024.06.02"]
[Round "-"]
[White "juniortay"]
[Black "vlad10898"]
[Result "0-1"]
[WhiteElo "2362"]
[BlackElo "2873"]
[TimeControl "300"]
[EndTime "4:07:01 PDT"]
[Termination "vlad10898 won by resignation"]

1. e4 c5 2. Nf3 e6 3. d4 cxd4 4. Bg5 Nf6 5. e5 h6 6. Bc1 Nd5 7. Qxd4 Nc6 8. Qe4 d6 9. exd6 Bxd6 10. g3 O-O 11. Bg2 b6 12. O-O Bb7 13. Qe2 Qc8 14. c4 Nf6 15. b3 Re8 16. Bb2 e5 17. Nbd2 Bc5 18. Rae1 e4 19. Nh4 e3 20. Bxf6 exf2+ 21. Qxf2 Bxf2+ 22. Kxf2 Rxe1 23. Rxe1 gxf6 24. Ne4 Nd4 25. Nxf6+ Kh8 26. Nd5 Bxd5 27. Bxd5 Qc5 28. Kg2 Rf8 29. Re4 Ne6 30. Nf5 h5 31. Nh6 Kg7 32.
Nf5+ Kf6 33. Ne3 Re8 34. h4 Re7 35. Kh3 Ng7 36. Rf4+ Kg6 37. Nc2 f5 38. Nd4 Qd6 39. Nf3 Re3 40. Ng5 Qxf4 0-1

[Event "Live Chess"]
[Site "Chess.com"]
[Date "2024.06.02"]
[Round "-"]
[White "Harry_Li"]
[Black "RockTroll"]
[Result "1-0"]
[WhiteElo "2156"]
[BlackElo "2160"]
[TimeControl "300"]
[EndTime "4:07:10 PDT"]
[Termination "Harry_Li won by resignation"]

1. d4 Nf6 2. Nf3 g6 3. g3 Bg7 4. Bg2 O-O 5. O-O d6 6. c4 c6 7. Nc3 Bf5 8. Re1 Ne4 9. Nh4 Nxc3 10. bxc3 Be6 11. d5 Bd7 12. Qc2 c5 13. e4 Qa5 14.
Bd2 Qa3 15. f4 Ba4 16. Qd3 Nd7 17. Nf3 Qb2 18. Rec1 Nb6 19. e5 Bd7 20. Re1 Bf5 21. Qe2 Qc2 22. Bf1 Bg4 23. Rad1 Bxf3 24. Qxf3 Nxc4 25.
Bxc4 1-0

[Event "Live Chess"]
[Site "Chess.com"]
[Date "2024.06.02"]
[Round "-"]
[White "dmitro74"]
[Black "sebmoran1"]
[Result "1-0"]
[WhiteElo "1743"]
[BlackElo "1403"]
[TimeControl "300"]
[EndTime "4:07:21 PDT"]
[Termination "dmitro74 won by resignation"]

1. d4 Nf6 2. c4 e6 3. Nc3 d5 4. Bg5 Be7 5. Nf3 O-O 6. e3 c6 7. Bd3 Nbd7 8. O-O a6 9. cxd5 cxd5 10. a4 Qb6 11. Qd2 h6 12. Bf4 Bd6 13. Ne5 Nh5 14.
Nxd7 Bxd7 15. Bxd6 Qxd6 16. Rfc1 Rfc8 17. b3 Nf6 18. Ne2 Ng4 19. f4 Rxc1+ 20. Rxc1 Rc8 21. h3 Rxc1+ 22. Qxc1 Nf6 23. Nc3 Qb4 24. Qc2 Nh5 25.
Kf2 Nf6 26. g4 Qd6 27. Ne2 Nh7 28. Bxh7+ Kf8 29. Bd3 Bc6 30. Ng3 Qb4 31. Qc5+ Qxc5 32. dxc5 Ke8 33. Ne2 Ke7 34. Nd4 f6 35. Nxc6+ bxc6 36.
Bxa6 e5 37. b4 e4 38. b5 cxb5 39. axb5 Kd7 40. Bb7 1-0

[Event "Live Chess"]
[Site "Chess.com"]
[Date "2024.06.02"]
[Round "-"]
[White "Eva3337"]
[Black "KyryloPoluliakh"]
[Result "0-1"]
[WhiteElo "1170"]
[BlackElo "1519"]
[TimeControl "300"]
[EndTime "4:07:26 PDT"]
[Termination "KyryloPoluliakh won on time"]

1. e4 c5 2. Nf3 Nc6 3. c3 g6 4.
Bd3 Bg7 5. O-O e6 6. Bc2 Nge7 7. Re1 O-O 8. d4 cxd4 9. cxd4 d5 10. e5 f6 11. exf6 Bxf6 12. Be3 e5 13. dxe5 Nxe5 14. Nxe5 Bxe5 15. Bh6 Rf7 16. Rxe5 Qb6 17. Be3 Qxb2 18. Nd2 d4 19. Bg5 Nc6 20. Rc5 Be6 21. Bb3 Bxb3 22. Nxb3 Qxf2+ 23. Kh1 Raf8 24. Rcc1 d3 25. Qg1 Qf5 26.
Bh6 Re8 27. Re1 Rxe1 28. Rxe1 Ne5 29. h3 Qh5 30. Bd2 Ng4 31. Re8+ Kg7 32. Bc3+ Nf6 33. Bxf6+ Rxf6 34. Qd4 Qd1+ 35. Kh2 Qf1 36. Re7+ Kg8 37. Re8+ Rf8 38. Qd5+ Kg7 39. Rxf8 Kxf8 40. Qd6+ Kf7 41. Nc5 b6 42. Nxd3 Kg7 43. Qd4+ Kf7 44. Nf4 g5 45.
Nd5 Ke6 0-1

[Event "Live Chess"]
[Site "Chess.com"]
[Date "2024.06.02"]
[Round "-"]
[White "Tilbs_12"]
[Black "Trendle"]
[Result "0-1"]
[WhiteElo "1656"]
[BlackElo "2620"]
[TimeControl "300"]
[EndTime "4:07:26 PDT"]
[Termination "Trendle won by resignation"]

1. d4 Nf6 2. Nc3 e6 3. e4 d5 4. e5 Nfd7 5. Nce2 c5 6. c3 Nc6 7. Nf3 b5 8. a3 Rb8 9. b4 cxd4 10. cxd4 a5 11. bxa5 Nxa5 12. Nc3 b4 13. axb4 Bxb4 14. Bd2 f6 15. Bd3 O-O 16. O-O fxe5 17. Nxe5 Nxe5 18. dxe5 Qh4 19. Rb1 Bd7 20. Na2 Bxd2 21. Qxd2 Rxb1 22. Rxb1 Nc4 23. Bxc4 Qxc4 24. Rc1 Qe4 25. Re1 Qf5 26. Nb4 Ba4 27. Nd3 h6 28. Re3 Qg5 29. Qa2 Bb5 30. Qb3 Bc4 31. Qc3 Qg4 32. h3 Qd1+ 33. Kh2 Qf1 34. Nb2 Qxf2 35. Nxc4 dxc4 36. Rf3 Rxf3 37. Qxf3 Qxf3 38. gxf3 c3 39. Kg2 c2 40. Kf2 c1=Q 0-1

[Event "Live Chess"]
[Site "Chess.com"]
[Date "2024.06.02"]
[Round "-"]
[White "willc-h99"]
[Black "Kyrylo7770"]
[Result "1-0"]
[WhiteElo "2597"]
[BlackElo "1636"]
[TimeControl "300"]
[EndTime "4:07:31 PDT"]
[Termination "willc-h99 won by checkmate"]

1. d4 d5 2. Bg5 Bg4 3. Qd3 c6 4. Nc3 h6 5. Bh4 Nf6 6. f3 Bh5 7. e4 dxe4 8. fxe4 e6 9. Be2 Be7 10. Bxf6 Bxf6 11. Bxh5 Bxd4 12. O-O-O Qg5+ 13. Kb1 c5 14. Nb5 Na6 15. Nd6+ Ke7 16. Nxf7 Qxh5 17. Nxh8 Nb4 18. Qf3 Qe5 19. Ng6+ Kd6 20. Nxe5 Kxe5 21. c3 Bxg1 22. Rhxg1 Nc6 23. Rgf1 a5 24. Qf4# 1-0

[Event "Live Chess"]
[Site "Chess.com"]
[Date "2024.06.02"]
[Round "-"]
[White "mrsmarple1968"]
[Black "matt1979"]
[Result "1/2-1/2"]
[WhiteElo "1738"]
[BlackElo "1415"]
[TimeControl "300"]
[EndTime "4:07:37 PDT"]
[Termination "Game drawn by repetition"]

1. e4 d6 2. d4 Nf6 3. Nc3 Nbd7 4. Be3 e5 5. d5 Be7 6. f3 c6 7. Qd2 Qc7 8. O-O-O O-O 9. Bg5 c5 10. f4 h6 11.
Bxf6 Nxf6 12. h3 exf4 13. Qxf4 Ng4 14. Qg3 Bg5+ 15. Kb1 Ne3 16. Re1 Nxf1 17. Rxf1 b5 18. Nxb5 Qb6 19. Nc3 a5 20. h4 Bd2 21. Nh3 Qb4 22. Qd3 Rb8 23. Nd1 a4 24. c3 Bxc3 25. Qxc3 Qxe4+ 26. Ka1 Bf5 27. Qc1 a3 28. b3 Qd4+ 29.
Qc3 Qe4 30. Qc1 Qd4+ 31. Qc3 Qe4 32. Qc1 1/2-1/2

[Event "Live Chess"]
[Site "Chess.com"]
[Date "2024.06.02"]
[Round "-"]
[White "vincents82"]
[Black "CarmelJane"]
[Result "1/2-1/2"]
[WhiteElo "1991"]
[BlackElo "2063"]
[TimeControl "300"]
[EndTime "4:07:44 PDT"]
[Termination "Game drawn by agreement"]

1. e4 c5 2. Nf3 e6 3. d4 cxd4 4. Nxd4 Nf6 5. Nc3 Nc6 6. g3 Bb4 7. Bg2 O-O 8. O-O d5 9. exd5 exd5 10. Bg5 Be6 11. Bxf6 Qxf6 12. Nxd5 Bxd5 13. Bxd5 Qxd4 14.
Qxd4 Nxd4 15. c3 Ne2+ 16. Kg2 Nxc3 17. bxc3 Bxc3 18. Rab1 Rad8 19. Rfd1 b6 20. Bb3 h5 21. Rxd8 Rxd8 22. Rd1 Bf6 23. Rxd8+ Bxd8 24. Kf3 h4 25. Ke4 h3 26. Bc4 Be7 27. Bf1 Bc5 28. f4 Bg1 29. Kf3 a5 30. Bxh3 b5 31. Bd7 b4 32. h4 Kf8 33. g4 Ke7 34. Ba4 Bd4 35. Ke4 Bf2 36.
h5 Kd6 37. Kf5 Be3 38. g5 Ke7 39. h6 gxh6 40. gxh6 Bd4 41. Ke4 Bc3 42. Bb3 Kf6 43.
f5 Kg5 44. Bxf7 Kxh6 45. Kd5 Kg5 46. Ke6 a4 47. Kd6 Kxf5 48. Kc5 Ke5 49. Kb5 a3 50. Bb3 Kd4 51. Kc6 Ke3 1/2-1/2

[Event "Live Chess"]
[Site "Chess.com"]
[Date "2024.06.02"]
[Round "-"]
[White "yarek"]
[Black "LL220284LL"]
[Result "0-1"]
[WhiteElo "1750"]
[BlackElo "2515"]
[TimeControl "300"]
[EndTime "4:07:47 PDT"]
[Termination "LL220284LL won by resignation"]

1. e4 c6 2. Nf3 g6 3. d3 Bg7 4. Nc3 d6 5. g3 Nd7 6. Bg2 Ngf6 7. O-O O-O 8. Be3 b5 9. a3 a5 10. Nd2 Bb7 11. d4 b4 12. axb4 axb4 13. Na4 Nb6 14.
Nxb6 Qxb6 15. d5 Qb5 16. Nb3 Rxa1 17. Qxa1 cxd5 18. Nd4 Qd7 19. exd5 Bxd5 20. c3 Bxg2 21. Kxg2 Nd5 22. Bd2 Qb7 23. Kg1 Rc8 24. cxb4 Bxd4 0-1

[Event "Live Chess"]
[Site "Chess.com"]
[Date "2024.06.02"]
[Round "-"]
[White "wadsy27"]
[Black "upoe610"]
[Result "1-0"]
[WhiteElo "2594"]
[BlackElo "2123"]
[TimeControl "300"]
[EndTime "4:07:56 PDT"]
[Termination "wadsy27 won by resignation"]

1. d4 Nf6 2. c4 c5 3. d5 b5 4.
cxb5 a6 5. bxa6 Bxa6 6. Nc3 g6 7. e4 Bxf1 8. Kxf1 d6 9. Nf3 Bg7 10. g3 O-O 11. Kg2 Nbd7 12. a4 Qb6 13. Qe2 Rfb8 14.
Nb5 Ne8 15. Nd2 Qa6 16. Ra3 Rb7 17. Nc4 Nc7 18. Re1 Rab8 19. Nxc7 Rxc7 20. Bg5 Rb4 21. Bxe7 Qxc4 22. Bxd6 Ra7 23. Qxc4 Rxc4 24. e5 Rcxa4 25. Rxa4 Rxa4 26. e6 fxe6 27. dxe6 Nf6 28. Bxc5 Ne8 29. b4 Ra6 30. h4 Bf8 31. e7 Bg7 32. Rd1 Kf7 33.
b5 Ra5 34. Rb1 Nc7 35. Rb3 Rxb5 36. Rf3+ Ke8 37. Rf8+ Kd7 38. Rd8+ Kc6 39. Bd6 Ne8 40. Bf4 Nf6 41. Rd6+ Kc5 42. Rxf6 1-0

[Event "Live Chess"]
[Site "Chess.com"]
[Date "2024.06.02"]
[Round "-"]
[White "Bodhanas"]
[Black "asingardenof"]
[Result "1-0"]
[WhiteElo "2339"]
[BlackElo "621"]
[TimeControl "300"]
[EndTime "4:08:03 PDT"]
[Termination "Bodhanas won by resignation"]

1. d4 Nf6 2. Nf3 Nc6 3. c4 d6 4.
Nc3 Bf5 5. e3 g6 6. Bd3 Bxd3 7.
Qxd3 Bg7 8. O-O O-O 9. h3 Nb4 10. Qe2 c5 11. a3 Nc6 12. Rd1 d5 13. cxd5 Na5 14. dxc5 Qb8 15. e4 Rd8 16. Be3 a6 17.
Bd4 b5 18. cxb6 Nc4 19. Qxc4 Rc8 20. Qe2 Nh5 21. Bxg7 Nxg7 22. e5 Re8 23. Rac1 Qxb6 24. Ne4 Nf5 25. Nc5 e6 26. d6 Rad8 27. b4 a5 28. b5 a4 29. Nxa4 Qa5 30. Nc5 Qxa3 31. b6 Qa4 32. Nxa4 Ra8 33. d7 Red8 34. Nc5 Ra5 35. Nb7 Rb5 36. Nxd8 1-0

[Event "Live Chess"]
[Site "Chess.com"]
[Date "2024.06.02"]
[Round "-"]
[White "defenderalist"]
[Black "Bradfield133"]
[Result "0-1"]
[WhiteElo "1525"]
[BlackElo "1862"]
[TimeControl "300"]
[EndTime "4:08:17 PDT"]
[Termination "Bradfield133 won by resignation"]

1. e4 c5 2. Nf3 Nc6 3. Bc4 g6 4. O-O Bg7 5. d3 e6 6. Bg5 Nge7 7. Qd2 Nd4 8. Nxd4 cxd4 9. Bh6 O-O 10. Bxg7 Kxg7 11. f4 d5 12. Bb3 dxe4 13. dxe4 Qb6 14. Kh1 Bd7 15. Na3 Rad8 16. Nc4 Qc5 17. Ne5 Bb5 18.
Nd3 Qc7 19. f5 exf5 20. exf5 f6 21. fxg6 hxg6 22. Nf4 Bd7 23. Be6 Rh8 24. Bxd7 Qxd7 25.
Ne6+ Qxe6 26. Rae1 Qd6 27. h3 Nf5 28. Rxf5 gxf5 29. Qd3 Rhe8 30. Rf1 Re4 31. Rxf5 Re1+ 32. Rf1 Rxf1+ 33. Qxf1 d3 34. cxd3 Qxd3 35. Qf4 Qd1+ 36. Kh2 Qd6 0-1